Map: Pillars of Gold LE

Players

undefined

  • Race: Protoss Protoss
  • League: Master
  • Spawn Location: 1:00

DukeNukem - Winner!

  • Race: Zerg Zerg
  • League: Diamond
  • Spawn Location: 7:00

VOD

Have the link to the VOD?

Description

Time

  • Played on: Jan. 2, 2021, 10:25 p.m.
  • Length: 15:25
Show
View Real Time Build Order
Export as new Build Order

undefined Protoss 

Build Orders:  

Get SALT Encoding   

  12  0:00  Probe  
  13  0:12  Probe  
  14  0:24  Pylon  
  14  0:26  Probe  
  15  0:42  Gateway  
  15  0:45  Probe  
  16  0:57  Probe  
  17  1:10  Probe  
  18  1:22  Probe  
  18  1:25  Forge  
  19  1:26  Pylon  
  19  1:32  Zealot (Chrono Boost)  
  19  1:34  Probe  
  19  1:39  Pylon  
  21  1:48  Probe  
  22  1:58  Photon Cannon  
  22  2:06  Nexus  
  22  2:17  Zealot (Chrono Boost)  
  24  2:24  Gateway  
  22  2:33  Probe  
  22  2:35  Assimilator  
  22  2:36  Assimilator  
  23  2:43  Cybernetics Core  
  23  2:45  Probe  
  24  2:57  Probe  
  25  3:09  Probe  
  26  3:21  Adept  
  26  3:22  Probe  
  26  3:23  Probe  
  26  3:24  Pylon  
  30  3:33  Stargate  
  30  3:34  Probe (Chrono Boost)  
  31  3:38  Probe (Chrono Boost)  
  32  3:46  Probe (Chrono Boost)  
  34  3:51  Probe (Chrono Boost), Adept  
  34  3:55  Probe (Chrono Boost)  
  37  3:59  Probe (Chrono Boost)  
  39  4:03  Probe (Chrono Boost)  
  39  4:04  Probe (Chrono Boost)  
  39  4:08  Void Ray (Chrono Boost)  
  40  4:12  Probe, Warp Gate  
  40  4:14  Probe  
  46  4:24  Probe  
  46  4:30  Probe  
  46  4:48  Twilight Council  
  46  4:54  Gateway  
  46  4:57  Gateway  
  46  4:58  Gateway  
  46  5:00  Gateway  
  46  5:02  Gateway  
  46  5:06  Pylon  
  46  5:08  Pylon  
  46  5:12  Probe  
  47  5:18  Charge (Chrono Boost)  
  47  5:19  Pylon  
  47  5:26  Gateway  
  47  5:28  Gateway  
  47  5:31  Pylon  
  47  5:32  Pylon  
  47  6:02  Robotics Facility  
  47  6:04  Zealot x5  
  51  6:05  Zealot  
  59  6:27  Zealot x3  
  59  6:28  Zealot x4  
  59  6:29  Pylon x2, Zealot  
  75  6:32  Dark Shrine  
  75  6:47  Gateway  
  75  6:48  Zealot x4  
  75  6:49  Zealot  
  75  6:53  Zealot  
  87  7:00  Warp Prism (Chrono Boost)  
  89  7:25  Zealot  
  89  7:26  Zealot x6  
  93  7:34  Warp Prism  
  69  7:53  Zealot x2  
  69  7:54  Zealot x3  
  67  8:01  Zealot x2  
  63  8:06  Probe  
  62  8:16  Zealot x4  
  68  8:31  Zealot x4  
  76  8:39  Dark Templar  
  76  8:40  Dark Templar  
  66  8:42  Zealot  
  58  8:48  Zealot  
  50  8:59  Probe  
  50  9:02  Probe  
  46  9:14  Zealot x6  
  58  9:17  Zealot  
  56  9:32  Zealot  
  56  9:36  Zealot  
  56  9:37  Zealot x3  
  60  10:01  Dark Templar x3  
  60  10:02  Dark Templar x3  
  72  10:08  Archon  
  72  10:09  Archon x2  
  72  10:10  Dark Templar x2  
  76  10:15  Archon  
  76  10:35  Zealot x3  
  78  10:36  Zealot x2  
  78  10:37  Zealot  
  88  10:42  Zealot  
  88  10:43  Zealot  
  92  10:51  Observer  
  85  11:08  Zealot x3  
  85  11:09  Zealot x4  
  57  11:37  Nexus  
  57  11:39  Pylon  
  56  11:45  Assimilator  
  56  11:48  Assimilator  
  56  12:05  Dark Templar x3  
  56  12:06  Dark Templar  
  56  12:07  Zealot x2  
  67  12:20  Robotics Bay  
  67  12:28  Nexus  
  67  12:40  Probe x2, Pylon  
  69  12:46  Assimilator  
  69  12:52  Probe  
  69  12:53  Probe  
  71  13:00  Colossus  
  71  13:05  Extended Thermal Lance (Chrono Boost)  
  71  13:37  Zealot x2  
  71  13:38  Zealot x3  
  71  13:39  Probe  
  82  13:45  Probe  
  83  13:58  Colossus  
  60  14:24  Stalker  
  60  14:25  Stalker x3  
  48  14:54  Nexus  
  49  15:00  Observer (Chrono Boost)  
  49  15:10  Stalker x2  
  49  15:11  Zealot  
Show
View Real Time Build Order
Export as new Build Order

DukeNukem Zerg - Winner!

Build Orders: Pool First, Lurkers, Roach Hydra 

Get SALT Encoding   

  12  0:20  Spawning Pool  
  11  0:22  Drone  
  11  0:27  Drone  
  14  0:35  Drone  
  14  0:40  Overlord  
  14  1:07  Queen, Zergling x6  
  19  1:18  Zergling x2  
  20  1:39  Hatchery  
  19  1:42  Drone  
  19  1:43  Drone  
  21  2:06  Overlord  
  19  2:23  Drone  
  19  2:24  Drone x4  
  23  2:31  Drone  
  23  2:36  Hatchery  
  22  2:39  Extractor  
  22  2:41  Extractor  
  22  2:43  Drone  
  21  2:54  Drone x2  
  23  2:59  Queen  
  23  3:01  Drone  
  23  3:04  Drone  
  27  3:09  Drone  
  27  3:11  Drone  
  29  3:14  Drone  
  30  3:23  Drone x2  
  30  3:25  Drone  
  33  3:30  Drone  
  34  3:35  Overlord  
  34  3:42  Overlord  
  34  3:49  Drone x2  
  34  3:50  Queen  
  34  3:54  Drone  
  39  3:55  Drone  
  39  3:59  Drone  
  41  4:06  Roach Warren  
  40  4:10  Evolution Chamber, Drone  
  40  4:15  Drone  
  40  4:16  Drone x2  
  43  4:18  Drone  
  44  4:24  Lair  
  43  4:33  Extractor  
  41  4:42  Drone  
  41  4:45  Drone x3  
  45  4:47  Drone x5  
  45  4:48  Drone  
  45  4:49  Drone  
  52  4:56  Zerg Ground Armor Level 1  
  52  5:05  Drone x3  
  53  5:10  Drone x4  
  53  5:13  Overlord  
  57  5:16  Overlord  
  57  5:23  Drone  
  57  5:25  Overlord x2  
  58  5:30  Extractor, Drone  
  58  5:45  Queen x2  
  58  5:47  Drone x4  
  58  5:48  Drone  
  67  5:50  Spore Crawler  
  67  5:53  Hydralisk Den  
  67  5:54  Drone x3  
  67  5:56  Drone x4  
  72  5:58  Extractor  
  72  6:01  Extractor  
  70  6:07  Drone x3  
  73  6:16  Overlord x2  
  73  6:19  Overseer  
  73  6:20  Overseer  
  73  6:24  Muscular Augments  
  73  6:25  Hydralisk  
  73  6:26  Hydralisk  
  73  6:30  Spine Crawler  
  73  6:32  Roach x2, Spore Crawler  
  79  6:34  Glial Reconstitution  
  79  6:37  Hydralisk x2  
  83  6:44  Hydralisk  
  85  6:49  Hydralisk x2  
  85  6:50  Hydralisk  
  85  6:51  Zerg Missile Weapons Level 1  
  85  6:53  Hydralisk  
  85  6:54  Hydralisk x2  
  91  6:58  Roach  
  91  6:59  Roach x2  
  91  7:00  Hydralisk  
  105  7:09  Lurker Den  
  100  7:24  Hydralisk x4  
  100  7:27  Hydralisk  
  87  7:31  Drone x3  
  87  7:36  Grooved Spines  
  84  7:44  Hydralisk x4  
  84  7:55  Hydralisk x2  
  84  7:56  Hydralisk  
  78  8:00  Hydralisk  
  70  8:10  Hydralisk  
  70  8:11  Hydralisk x2  
  74  8:18  Hydralisk x2  
  72  8:24  Roach x2  
  72  8:25  Roach  
  76  8:33  Roach x3  
  76  8:37  Hydralisk  
  63  8:44  Zerg Ground Armor Level 2  
  51  8:59  Drone x3  
  51  9:01  Drone x4  
  51  9:02  Drone  
  59  9:11  Drone x2  
  59  9:14  Drone  
  62  9:22  Drone x2  
  58  9:42  Drone x2  
  59  9:45  Hydralisk x2  
  59  9:46  Hydralisk x2  
  59  9:48  Hydralisk  
  65  9:54  Hydralisk x2  
  65  9:56  Roach  
  71  10:05  Spine Crawler x2  
  69  10:09  Overseer  
  69  10:10  Overseer  
  69  10:11  Hydralisk  
  69  10:13  Roach  
  73  10:15  Drone  
  74  10:22  Hydralisk  
  74  10:23  Hydralisk  
  74  10:27  Roach  
  80  10:31  Drone  
  80  10:32  Drone x2  
  83  10:36  Drone x2  
  85  10:48  Roach x3  
  91  10:57  Roach x3  
  97  11:04  Roach  
  97  11:10  Roach x3  
  88  11:18  Roach  
  88  11:21  Drone x2  
  86  11:30  Drone x2  
  88  11:35  Drone  
  88  11:36  Queen x3  
  95  11:47  Drone  
  95  11:48  Drone x2  
  98  12:08  Drone x2  
  98  12:09  Drone x4  
  98  12:14  Hatchery  
  103  12:20  Spire  
  103  12:21  Drone x3  
  105  12:25  Zerg Missile Weapons Level 2  
  105  12:29  Lurker  
  106  12:30  Lurker, Hatchery  
  106  12:34  Overlord x2  
  106  12:58  Hydralisk x3  
  113  13:13  Hatchery  
  106  13:25  Drone x2  
  106  13:26  Drone x5  
  106  13:27  Drone x5  
  115  13:28  Drone x3  
  121  13:42  Hydralisk x2  
  121  13:43  Hydralisk  
  127  13:49  Extractor, Lurker x2  
  127  13:52  Overlord x2  
  127  13:53  Overlord x4  
  127  13:55  Extractor  
  126  14:06  Spore Crawler  
  126  14:07  Spore Crawler, Spine Crawler  
  126  14:08  Spine Crawler x2  
  116  14:24  Hydralisk x4  
  116  14:27  Hydralisk x4  
  116  14:28  Hydralisk  
  124  14:53  Spire  
  124  14:57  Drone  
  124  14:58  Drone x6  
  131  15:00  Drone x5  
  131  15:02  Extractor  
  131  15:04  Drone x3  
Tags
 
Add a new tag
Caveats
  • Supply blocks, unpowered buildings, or Contaminate may cause inaccurate times.
  • Supply counts are checked every 10 seconds.